 Dungeon Crawl Stone Soup version 0.30.0-30-g96aa6591b8 (webtiles) character file.

Game seed: 7567604906806284782

51 ChadusMaximus the Shield-Bearer (level 3, 0/33 HPs)
             Began as a Minotaur Fighter on June 27, 2023.
             Slain by Natasha (7 damage)
             ... on level 2 of the Dungeon.
             The game lasted 00:00:41 (1006 turns).

ChadusMaximus the Shield-Bearer (Minotaur Fighter)  Turns: 1006, Time: 00:00:42

Health: 0/33       AC:  7    Str: 22    XL:     3   Next: 57%
Magic:  2/2        EV:  9    Int:  5    God:
Gold:   57         SH:  4    Dex:  9    Spells: 2/2 levels left

rFire   . . .        a - +0 war axe
rCold   . . .        c - +0 buckler
rNeg    . . .        b - +0 scale mail
rPois   .            (helmet restricted)
rElec   .            (no cloak)
rCorr   .            (no gloves)
SInv    .            (no boots)
Will    .....        (no amulet) Stlth
                     (no ring)
HPRegen 0.25/turn    (no ring)
MPRegen 0.08/turn

%: no passive effects
@: slowed, studying Spellcasting, very slow
A: horns 2, retaliatory headbutt
a: no special abilities


You were on level 2 of the Dungeon.
You visited 1 branch of the dungeon, and saw 2 of its levels.

You collected 57 gold pieces.

Inventory:

Hand Weapons
 a - a +0 war axe (weapon)
Armour
 b - a +0 scale mail (worn)
 c - a +0 buckler (worn)
Jewellery
 l - a ring of protection from fire
Scrolls
 e - 4 scrolls of identify {unknown}
 f - a scroll of fear {unknown}
 g - a scroll of fog {unknown}
 k - a scroll of blinking {unknown}
 m - a scroll of immolation {unknown}
 o - a scroll of magic mapping {unknown}
Potions
 d - a potion of might
 h - a potion of degeneration {unknown}
 i - a potion of lignification {unknown}
 j - a potion of brilliance {unknown}
 n - 2 potions of curing {unknown}


   Skills:
 + Level 4.1 Fighting
 * Level 3.3 Axes
 + Level 4.1 Armour
 + Level 4.2 Shields


You had 2 spell levels left.
You didn't know any spells.
Your spell library contained the following spells:

 Spells                   Type           Power      Damage    Failure   Level
 Lesser Beckoning         Tloc           0%         N/A       94%         2
 Poisonous Vapours        Pois/Air       0%         N/A       94%         2
 Gell's Gravitas          Tloc           0%         N/A       99%         3
 Mephitic Cloud           Conj/Pois/Air  0%         N/A       99%         3
 Teleport Other           Tloc           0%         N/A       99%         3
 Freezing Cloud           Conj/Ice/Air   0%         6-21      100%        5


Dungeon Overview and Level Annotations

Branches:
Dungeon (2/15)

Altars:

Annotations:
D:2 Natasha


Innate Abilities, Weirdness & Mutations

You have a pair of horns on your head.
You reflexively headbutt those who attack you in melee.


Message History

Done waiting.
o - a scroll labelled ONIOTI OJUID No target in view!
Found a stone staircase leading down.
No target in view!
Natasha, Servant of Life and Death comes into view.
Natasha hisses angrily.
Natasha drinks a potion.
Natasha flickers and vanishes!
Deactivating autopickup; reactivate with Ctrl-A.
No target in view!
There is a strange disturbance nearby!
No target in view!
There is a strange disturbance nearby!
No target in view!
Something claws you but does no damage.
You barely miss something. Your headbutt misses something.
You hear some strange, mumbled words.
You barely miss something. You barely miss the cerulean imp.
Something claws you.
The cerulean imp hits you with a +0 spear.
You hit something. You headbutt something. You barely miss the cerulean imp.
Something claws you. The cerulean imp barely misses you.
You hear some strange, mumbled words.
You closely miss something. You barely miss the cerulean imp.
The cerulean imp hits you but does no damage.
You hear some strange, mumbled words.
You feel yourself slow down. You block the cerulean imp's attack.
The cerulean imp hits you but does no damage.
You miss something.
You hit the cerulean imp but do no damage.
Something claws you. The cerulean imp barely misses you. x2
Something claws you! The cerulean imp barely misses you.
The cerulean imp hits you but does no damage.
You barely miss something. You barely miss the cerulean imp.
Something claws you.
The cerulean imp hits you from afar with a +0 spear.
* * * LOW HITPOINT WARNING * * *
The cerulean imp misses you. You furiously retaliate!
You headbutt the cerulean imp. Something claws you!
You die...

#....#..#
#...#######......÷#
#...>............÷.
#..................
#...#######.###....
#...# ###...# #)...
#...###...### #....
####..5##..###
#.... #...{@....##
#.... #.......###
#.... #...5...#
#.... #......##
#.... ########
#####


You could see 2 cerulean imps.

Vanquished Creatures
  2 worms (D:2)
  A dart slug (D:1)
  4 ball pythons (D:1)
  4 bats
  4 endoplasms
  2 giant cockroaches (D:1)
  2 goblins
  8 hobgoblins
  4 jackals (D:2)
  2 frilled lizards (D:2)
  A kobold (D:2)
  3 rats (D:1)
37 creatures vanquished.

Notes
Turn   | Place    | Note
-------+----------+-------------------------------------------
     0 | D:1      | ChadusMaximus the Minotaur Fighter began the quest for the
                  | Orb.
     0 | D:1      | Reached XP level 1. HP: 19/19 MP: 0/0
   110 | D:1      | Reached XP level 2. HP: 27/27 MP: 1/1
   642 | D:2      | Reached XP level 3. HP: 33/33 MP: 2/2
   997 | D:2      | Noticed Natasha
  1006 | D:2      | Slain by Natasha

Illustrated notes

Levels and vault maps discovered:
D:1:      heliophobic_arrival_henge, layout_loops_ring
D:2:      layout_rooms, uniq_natasha

Skill      XL: |  1  2 |
---------------+-------+-----
Shields        | 4 |  4.2
Armour         | 4 |  4.1
Fighting       | 4 |  4.1
Axes           | 3 |  3.3

Action                     || total
---------------------------++-------
  Melee: War axe           ||    75
         Headbutt          ||    12
 Armour: Scale mail        ||    40
  Dodge: Dodged            ||    39
  Block: Buckler           ||    20
